 Dungeon Crawl Stone Soup version 0.22-a0-348-gd16d1391c7 (webtiles) character file.

2809 Kriby the Shield-Bearer (level 9, -16/59 HPs)
             Began as a Gargoyle Fighter on Apr 8, 2018.
             Was an Initiate of Okawaru.
             Demolished by a large slime creature (23 damage)
             ... on level 7 of the Dungeon.
             The game lasted 00:09:02 (6505 turns).

Kriby the Shield-Bearer (Gargoyle Fighter)          Turns: 6505, Time: 00:09:02

Health: -16/59     AC: 19    Str: 22    XL:     9   Next: 72%
Magic:  9/9        EV:  5    Int: 10    God:    Okawaru [......]
Gold:   382        SH: 11    Dex:  9    Spells: 8/8 levels left

rFire    . . .     SeeInvis .   a - +0 war axe
rCold    . . .     Gourm    .   c - +0 shield
rNeg     + . .     Faith    .   o - +0 plate armour
rPois    ∞         Spirit   .   (no helmet)
rElec    +         Reflect  .   (no cloak)
rCorr    .         Harm     .   (no gloves)
MR       .....                  (no boots)
Stlth    ..........             (no amulet)
HPRegen  0.19/turn              (no ring)
MPRegen  0.11/turn              (no ring)

@: about to teleport
A: negative energy resistance 1, electricity resistance, unbreathing,
petrification resistance, rot immunity, AC +6
a: Renounce Religion


You were on level 7 of the Dungeon.
You worshipped Okawaru.
Okawaru was noncommittal.
You were not hungry.

You visited 2 branches of the dungeon, and saw 8 of its levels.

You collected 382 gold pieces.

Inventory:

Hand Weapons
 a - a +0 war axe (weapon)
Armour
 c - a +0 shield (worn)
 o - a +0 plate armour (worn)
Wands
 d - a wand of polymorph (10)
 g - a wand of flame (6)
 y - a wand of paralysis (16)
Scrolls
 e - a scroll of noise {unknown}
 h - 2 scrolls of remove curse
 i - 2 scrolls of random uselessness {unknown}
 j - 3 scrolls of magic mapping {unknown}
 k - 4 scrolls of identify
 n - a scroll of teleportation
 p - 2 scrolls of enchant weapon {unknown}
 s - 3 scrolls of fear {unknown}
 t - a scroll of immolation {unknown}
 u - a scroll of blinking {unknown}
Potions
 b - 2 potions of flight
 l - a potion of ambrosia {unknown}
 m - 2 potions of heal wounds
 q - 2 potions of curing {unknown}
 r - a potion of lignification {unknown}
 v - a potion of haste {unknown}
 w - a potion of brilliance {unknown}
 x - a potion of might
Comestibles
 f - 8 rations


   Skills:
 + Level 7.9 Fighting
 + Level 6.2 Axes
 + Level 7.8 Armour
 + Level 7.9 Shields


You had 8 spell levels left.
You didn't know any spells.

Dungeon Overview and Level Annotations

Branches:
Dungeon (7/15)             Temple (1/1) D:7

Altars:
Ashenzari
Cheibriados
Dithmenos
Elyvilon
Fedhas
Gozag
Hepliaklqana
Nemelex Xobeh
Okawaru
Qazlal
Sif Muna
Trog
Uskayaw
Vehumet
Wu Jian
Xom
The Shining One

Shops:
D:4 :


Innate Abilities, Weirdness & Mutations

You are resistant to torment.
Your stone body is resilient. (AC +6)
You are immune to poison.
You resist negative energy. (rN+)
You are resistant to electric shocks. (rElec)
You can survive without breathing.
You are immune to petrification.
You are immune to rotting.


Message History

You block the big kobold's attack.
You closely miss the big kobold.
The slime creature quivers.
You block the big kobold's attack.
You slash the big kobold!
The big kobold is heavily wounded.
Two slime creatures merge to form a large slime creature.
You block the big kobold's attack.
You slash the big kobold!
The big kobold is almost dead.
You block the big kobold's attack.
You barely miss the large slime creature.
You hit the large slime creature.
The large slime creature is lightly wounded.
The large slime creature hits you!! x2
* * * LOW HITPOINT WARNING * * *
You are too injured to fight recklessly!
As you read the scroll of teleportation, it crumbles to dust.
You feel strangely unstable. The large slime creature hits you!!
You die...

# #.################ #
#.# ####### # #.#
##########.÷....# #
#.#####......##'...P..# #
#.#.##......)#.#.J÷...#
###...'........#K#KPJ.P.#
.....)().......#J#JJ....#
#####.'......#'#J#JP÷..P#
#.##.....#.#@#......#
#####....#.#.#PP...P#
#######.##J÷÷..!#
############ ###
..(.(.(.((.#
##########.## #..#
##.######### #....)....#


You could see a large slime creature, a slime creature and a big kobold.

Vanquished Creatures
  Pikel (D:6)
  Menkaure (D:4)
  2 black bears
  2 ice beasts
  An ogre (D:6)
  3 centaurs
  4 big kobolds (D:7)
  A bullfrog (D:4)
  Dowan (D:6)
  7 killer bees
  3 howler monkeys (D:7)
  A bullfrog zombie (D:6)
  3 jellies (D:7)
  2 orc priests (D:6)
  2 bullfrog skeletons
  A centaur skeleton (D:4)
  3 iguanas
  3 orc wizards
  4 worker ants
  10 adders
  4 oozes (D:7)
  3 worms
  A dart slug (D:1)
  5 leopard geckos
  21 orcs
  2 ball pythons
  5 giant cockroaches
  5 goblins
  4 hobgoblins
  10 jackals
  19 kobolds
  2 quokkas
  2 bats
  3 frilled lizards
  4 rats
145 creatures vanquished.

Vanquished Creatures (others)
  A slave (D:6)
  An orc wizard (D:3)
  9 fungi (D:7)
  10 toadstools (D:7)
21 creatures vanquished.

Grand Total: 166 creatures vanquished

Notes
Turn   | Place    | Note
-------+----------+-------------------------------------------
     0 | D:1      | Kriby the Gargoyle Fighter began the quest for the Orb.
     0 | D:1      | Reached XP level 1. HP: 14/14 MP: 1/1
    29 | D:1      | Reached XP level 2. HP: 19/19 MP: 2/2
   348 | D:1      | Reached XP level 3. HP: 23/23 MP: 3/3
  1101 | D:2      | Reached XP level 4. HP: 24/29 MP: 4/4
  1852 | D:3      | Found a deep blue altar of Sif Muna.
  2082 | D:3      | Reached XP level 5. HP: 32/33 MP: 5/5
  2587 | D:4      | Reached XP level 6. HP: 39/39 MP: 6/6
  2609 | D:4      | Found Ufill's Book Emporium.
  2673 | D:4      | Noticed Menkaure
  2681 | D:4      | Killed Menkaure
  2863 | D:4      | Reached skill level 5 in Fighting
  2863 | D:4      | Reached skill level 5 in Shields
  2912 | D:4      | Reached skill level 5 in Armour
  2912 | D:4      | Reached XP level 7. HP: 44/44 MP: 7/7
  3375 | D:5      | Entered Level 5 of the Dungeon
  3485 | D:5      | Found a blossoming altar of Fedhas.
  3495 | D:5      | Identified the cursed +1 quarterstaff of the Magic Mushroom {drain, +Fly} (You found it on level 5 of the Dungeon)
  4410 | D:6      | Reached XP level 8. HP: 46/51 MP: 8/8
  4598 | D:6      | Noticed Pikel
  4642 | D:6      | Killed Pikel
  4642 | D:6      | Reached skill level 5 in Axes
  4759 | D:6      | Noticed Duvessa
  4759 | D:6      | Noticed Dowan
  4765 | D:6      | Noticed Duvessa
  4765 | D:6      | Duvessa changed into Duvessa the killer bee
  4774 | D:6      | Killed Duvessa the killer bee
  4784 | D:6      | Killed Dowan
  4818 | D:6      | Identified Theurgy 101
  4835 | D:6      | Reached XP level 9. HP: 42/57 MP: 9/9
  6081 | D:7      | Found a staircase to the Ecumenical Temple.
  6094 | Temple   | Entered the Ecumenical Temple
  6282 | Temple   | Became a worshipper of Warmaster Okawaru
  6363 | D:7      | Found a shadowy altar of Dithmenos.
  6505 | D:7      | Demolished by a large slime creature

Vault maps used:
D:1:      minmay_arrival_shoal_huts
D:2:      first_ration
D:3:      nicolae_overflow_hidden_temple
D:4:      serial_shops, shop, hangedman_abyss_or_decor_lesser_grid,
          hangedman_abyss_or_decor_stabs, uniq_menkaure
D:5:      black_bear_nest_2, nicolae_overflow_crystal_walls
D:6:      uniq_duvessa, uniq_pikel
D:7:      cheibrodos_fertilizer, kennysheep_mini_moat, minmay_temple_entry_mist
Temple:   minmay_crystal_spiral_temple

Skill      XL: |  1  2  3  4  5  6  7  8  9 |
---------------+----------------------------+-----
Axes           | 2 3 4 5 6 |  6.2
Fighting       | 4 5 7 |  7.9
Armour         | 4 5 6 7 |  7.8
Shields        | 4 5 7 |  7.9

Action                   |  1- 3 |  4- 6 |  7- 9 || total
-------------------------+-------+-------+-------++-------
Melee: War axe           |    96 |   165 |   368 ||   629
Evoke: Wand              |       |       |    20 ||    20
  Use: Potion            |       |     1 |     2 ||     3
       Scroll            |       |       |     7 ||     7
  Eat: Chunk             |     1 |     6 |     6 ||    13
       Ration            |       |       |     2 ||     2
Armor: Scale mail        |    47 |       |       ||    47
       Plate armour      |     3 |   141 |   320 ||   464
Dodge: Dodged            |    39 |    26 |   104 ||   169
Block: Shield            |    58 |    86 |   299 ||   443

Table legend:
 A = Spawn XP
 B = Non-spawn XP
 C = Spawn XP percentage of total XP
 D = Spawn monster count
 E = Non-spawn monster count
 F = Spawn count percentage of total count
 G = Total turns spent on level
                    A         B        C        D         E        F      G
               +---------+---------+-------+---------+---------+-------+---------
         Total |       0 |    4013 |   0.0 |       0 |     145 |   0.0 |  6505
               +---------+---------+-------+---------+---------+-------+---------
           D:1 |       0 |      38 |   0.0 |       0 |      19 |   0.0 |   787
           D:2 |       0 |      75 |   0.0 |       0 |      13 |   0.0 |   656
           D:3 |       0 |     136 |   0.0 |       0 |      18 |   0.0 |  1137
           D:4 |       0 |     456 |   0.0 |       0 |      11 |   0.0 |   795
           D:5 |       0 |     275 |   0.0 |       0 |      12 |   0.0 |   905
           D:6 |       0 |    1467 |   0.0 |       0 |      29 |   0.0 |   812
           D:7 |       0 |    1566 |   0.0 |       0 |      43 |   0.0 |  1178
               +---------+---------+-------+---------+---------+-------+---------
